 Dungeon Crawl Stone Soup version 0.17-a0-963-gaa5423c (webtiles) character file.

38 inmateoo the Ruffian (level 3, -3/31 HPs)
             Began as a Naga Transmuter on May 8, 2015.
             Slain by Terence
             ... wielding a +0 flail
              (9 damage)
             ... on level 1 of the Dungeon.
             The game lasted 00:02:18 (1760 turns).

inmateoo the Ruffian (Naga Transmuter)              Turns: 1760, Time: 00:02:19

Health: -3/31      AC:  3    Str: 12    XL:     3   Next: 43%
Magic:  1/6        EV: 10    Int: 14    God:
Gold:   44         SH:  0    Dex: 11    Spells: 2 memorised, 3 levels left

rFire  . . .     SeeInvis +     a - 10 arrows
rCold  . . .     Clarity  .     b - +0 robe
rNeg   . . .     SustAb   .     (no shield)
rPois  +         Gourm    .     k - +0 helmet
rElec  .         Spirit   .     (no cloak)
rCorr  .         Warding  .     (no gloves)
rMut   .         Stasis   .     (no barding)
MR     .....                    (no amulet)
Stlth  ++........               (no ring)
                                (no ring)

@: very slightly contaminated, very slow, not resistant to hostile enchantments,
unstealthy
A: see invisible, deformed body, poison resistance, slowness 2, slow metabolism
1, spit poison 2, AC +1
a: Spit Poison


You were on level 1 of the Dungeon.
You were hungry.

You visited 1 branch of the dungeon, and saw 2 of its levels.

You collected 44 gold pieces.

Inventory:

Missiles
 a - 10 arrows (in hand)
Armour
 b - a +0 robe (worn)
 k - a +0 helmet (worn)
Scrolls
 e - 5 scrolls of identify {unknown}
 g - a scroll of teleportation {unknown}
 i - a scroll of remove curse {unknown}
 j - a scroll of blinking {unknown}
 l - a scroll of amnesia {unknown}
Books
 c - a book of Changes

   Spells                             Type                      Level
   a - Beastly Appendage              Transmutation                1
   b - Sticks to Snakes               Transmutation                2
   c - Spider Form                    Transmutation/Poison         3
   d - Ice Form                       Ice/Transmutation            4
   e - Blade Hands                    Transmutation                5
Comestibles
 d - 2 bread rations
 f - a meat ration
 h - 3 slices of pizza


   Skills:
 + Level 1.2 Fighting
 + Level 2.0 Dodging
 + Level 1.2 Stealth
 + Level 3.5 Unarmed Combat
 + Level 2.2 Spellcasting
 + Level 2.2 Transmutations


You had 3 spell levels left.
You knew the following spells:

 Your Spells              Type           Power        Failure   Level  Hunger
a - Beastly Appendage     Trmt           #.....       12%         1    #......
b - Sticks to Snakes      Trmt           #.........   17%         2    ###....


Dungeon Overview and Level Annotations

Branches:
Dungeon (2/15)

Altars:

Annotations:
D:1 Terence


Innate Abilities, Weirdness & Mutations

You cannot wear boots.
Your serpentine skin is tough (AC +1).
You have supernaturally acute eyesight.
Armour fits poorly on your strangely shaped body.
Your system is resistant to poisons.
You cover ground very slowly.
You have a slow metabolism.
You can spit poison.


Message History

There is a stone staircase leading down here.
Casting: Sticks to Snakes
Confirm with . or Enter, or press ? or * to list all spells.
You miscast Sticks to Snakes.
You are very lightly contaminated with residual magic.
Strange energies run through your body. Terence hits you with a flail.
The adder completely misses you.
Unknown command.
The adder bites you but does no damage. The adder bites you.
* * * LOW HITPOINT WARNING * * *
Terence barely misses you.
Casting: Sticks to Snakes
Confirm with . or Enter, or press ? or * to list all spells.
You create a snake!
The adder barely misses you. The adder bites you.
* * * LOW HITPOINT WARNING * * *
Your ball python barely misses the adder.
Your ball python completely misses the adder.
The adder barely misses you. Terence hits you with a flail!
You die...

#.#.##.............##.<.....#...
#.#.####............#.....##)...
#.#.# ##.#...##.....##.###.....
#.#.# #....##.##.............#
#.#.# ##>...####..............
#.#.# ####....##......####...#.
#...# #...............#...#.##.
#..## #.............#.#.....###
##### #......@@.#...#..#..#..# .#
#.....>S...............## .#
###.....S...###............
.######...........##...)........#
.##.....#.........##..(.........#
....################.........[..#
.#### ##......)...## .#
##....#...## .# ####.#####


You could see Terence, an adder and a friendly ball python.

Vanquished Creatures
  An ooze (D:1)
  A giant gecko (D:1)
  2 giant cockroaches (D:1)
  4 goblins
  4 hobgoblins
  3 jackals (D:2)
  A ball python (D:1)
  3 bats
  3 giant newts (D:1)
  4 kobolds
  8 rats
34 creatures vanquished.

Notes
Turn   | Place    | Note
--------------------------------------------------------------
     0 | D:1      | inmateoo, the Naga Transmuter, began the quest for the Orb.
     0 | D:1      | Reached XP level 1. HP: 18/18 MP: 3/3
   101 | D:1      | Reached XP level 2. HP: 4/25 MP: 3/5
   678 | D:1      | Learned a level 2 spell: Sticks to Snakes
   942 | D:1      | Reached skill level 1 in Stealth
   943 | D:1      | Reached XP level 3. HP: 16/31 MP: 4/6
  1747 | D:2      | Noticed Terence
  1760 | D:1      | Slain by Terence

Action                   || total
-------------------------++-------
Melee: Unarmed           ||    97
 Cast: Beastly Appendage ||    11
       Sticks to Snakes  ||     2
 Abil: Spit Poison       ||     1
  Eat: Chunk             ||     1
